AoeStats
← Dinoponerg

Arena

510135373Analyzed
1v1 RM · 3d ago on Sep 29, 2026· 50m 7s· 2 players
Game mode
Random Map
Map size
Tiny (2 player)
Population
200
Speed
Normal
Resources
Standard
Victory
Conquest
Starting age
Dark Age
Ending age
Imperial Age
RankedLock teamsTeams togetherTeam positionsShared explorationLock speedFull tech treeHidden civsTurbo modeCheats
Victory
Defeat
🇩🇪 Mongols · Germany
572
+16
🇦🇷 Portuguese · Argentina
565
-16
Dinoponerg
12:39 Feudal Age
19:29 Castle Age
17:59 Double-Bit Axe
17:56 Horse Collar
18:11 Gold Mining
27:06 Imperial Age
28:53 Block Printing
29:07 Sanctity
29:04 Fervor
31:47 Chemistry
31:28 Heavy Plow
31:40 Bow Saw
34:52 Arquebus
34:16 Elite Organ Gun
35:26 Bloodlines
35:17 Husbandry
34:39 Light Cavalry
37:11 Scale Barding Armor
37:17 Forging
39:45 Two-Man Saw
38:33 Loom
39:26 Wheelbarrow
42:33 Crossbowman
44:26 Elite Skirmisher
45:18 Padded Archer Armor
45:08 Fletching
45:54 Iron Casting
45:39 Chain Barding Armor
TheKillerPanther
10:09 Feudal Age
10:34 Double-Bit Axe
11:02 Loom
11:18 Horse Collar
14:17 Wheelbarrow
14:22 Gold Mining
14:23 Stone Mining
22:05 Castle Age
23:53 Bow Saw
23:46 Heavy Plow
24:27 Stone Shaft Mining
24:30 Gold Shaft Mining
25:06 Padded Archer Armor
24:57 Fletching
27:06 Hand Cart
27:52 Town Watch
30:52 Leather Archer Armor
30:32 Bodkin Arrow
31:45 Ballistics
31:37 Thumb Ring
31:47 Bloodlines
31:38 Husbandry
36:40 Imperial Age
34:14 Town Patrol
36:59 Elite Mangudai
38:52 Chemistry
37:54 Bracer
38:24 Parthian Tactics
45:51 Devotion
Connection lost

Rejoining the realm…

Still unreachable

The connection could not be restored.

Session expired

The server has moved on; the page needs a fresh start.